 Dungeon Crawl Stone Soup version 0.27.0-1-g7a089689b8 (webtiles) character file.

Game seed: 10774193895160421720

490 Demosthentine the Poker (level 7, -2/55 HPs)
             Began as a Merfolk Gladiator on Aug 1, 2021.
             Killed by divine providence
             ... invoked by an orc priest
              (12 damage)
             ... on level 5 of the Dungeon.
             The game lasted 00:04:26 (4076 turns).

Demosthentine the Poker (Merfolk Gladiator)         Turns: 4076, Time: 00:04:26

Health: -2/55      AC:  5    Str: 13 (16) XL:     7   Next: 14%
Magic:  7/7        EV: 14    Int:  4 (7)  God:
Gold:   104        SH:  0    Dex: 14 (16) Spells: 6/6 levels left

rFire    . . .     SeeInvis .   a - +0 trident
rCold    . . .     Faith    .   (no shield)
rNeg     . . .     Spirit   .   b - +0 leather armour
rPois    .         Reflect  .   c - +0 helmet
rElec    .         Harm     .   n - +0 cloak
rCorr    .         Rampage  .   (no gloves)
Will     .....                  (no boots)
Stlth    +.........             (no amulet)
HPRegen  0.18/turn              (no ring)
MPRegen  0.10/turn              (no ring)

@: no status effects
A: (nimble swimmer 2), mertail
a: no special abilities


You were on level 5 of the Dungeon.
You visited 1 branch of the dungeon, and saw 5 of its levels.

You collected 104 gold pieces.

Inventory:

Hand Weapons
 a - a +0 trident (weapon)
Missiles
 d - 2 throwing nets (quivered)
Armour
 b - a +0 leather armour (worn)
 c - a +0 helmet (worn)
 n - a +0 cloak (worn)
Jewellery
 g - a ring of willpower
Scrolls
 h - 3 scrolls of enchant weapon
Potions
 e - a potion of attraction
 f - a potion of lignification
 i - a potion of invisibility
 j - a potion of haste


   Skills:
 + Level 4.5 Fighting
 + Level 6.7 Polearms
 - Level 2.0 Throwing
 + Level 2.5 Armour
 + Level 6.2 Dodging


You had 6 spell levels left.
You didn't know any spells.
Your spell library contained the following spells:

 Spells                   Type           Power      Damage    Failure   Level
 Conjure Flame            Conj/Fire      0%         6-21      91%         3
 Ignite Poison            Fire/Tmut/Pois 0%         N/A       91%         3
 Olgreb's Toxic Radiance  Pois           0%         N/A       100%        4
 Sticky Flame             Conj/Fire      0%         2d3       100%        4
 Malign Gateway           Summ/Tloc      0%         N/A       100%        7
 Ozocubu's Refrigeration  Ice            0%         4d5       100%        7
 Ignition                 Fire           0%         3d3       100%        8
 Summon Horrible Things   Summ           0%         N/A       100%        8


Dungeon Overview and Level Annotations

Branches:
Dungeon (5/15)
 Temple: D:4-7

Altars:
Ashenzari
Cheibriados
Qazlal
Yredelemnul


Innate Abilities, Weirdness & Mutations

((You are quick and stealthy near water. (Stealth+, EV+, Speed+++)))
Your lower body shifts to a powerful aquatic tail in water.


Message History

The orc priest is lightly wounded.
The orc priest mumbles some strange prayers to Beogh against you.
Beogh smites you!
A gnoll comes into view. It is wielding a +0 halberd.
You hit the orc priest.
The orc priest is heavily wounded.
The orc priest calls down the wrath of Beogh upon you.
Beogh smites you!
The orc priest miscasts a cantrip.
You hit the orc priest.
The orc priest is heavily wounded.
The orc priest closely misses you.
The orc priest calls upon Beogh to heal the orc priest.
The orc priest is healed somewhat.
You barely miss the orc priest.
The orc priest is moderately wounded.
The orc priest barely misses you.
You puncture the orc priest!
The orc priest is severely wounded.
The orc priest barely misses you.
You hit the orc priest but do no damage.
The orc priest is severely wounded.
The orc priest hits you but does no damage.
You closely miss the orc priest.
The orc priest is severely wounded.
The orc priest hits you with a +0 club.
The orc priest calls down the wrath of Beogh upon you.
Beogh smites you!
A gnoll comes into view. It is wielding a +0 whip.
The gnoll shouts!
You hear a shout!
It was a potion of degeneration.
There was something very wrong with that liquid.
You feel weakened.
You feel dopey.
You feel clumsy. The orc priest barely misses you.
The orc priest invokes the aid of Beogh against you.
Beogh smites you!
* * * LOW HITPOINT WARNING * * *
The orc priest calls down the wrath of Beogh upon you.
Beogh smites you!
You die... #.... #og. #og

####### #.####.....#
#o##<.....)#
####o####...###
######..#o# ##...#
#.......#.# #....#
###.####.##@###....#
.......#....#......#
####
#####...#####.######
⌠≈≈###≈≈⌠#...#.....#
≈≈≈≈≈≈≈≈≈#...##.####
≈≈≈###≈≈≈#......#
#≈##.##≈##..#####
#≈≈._.#≈'...#
#≈##.##≈##.##


You could see 3 orc priests, 2 gnolls and 2 orcs.

Vanquished Creatures
  A phantom (D:4)
  A bullfrog (D:4)
  A scorpion (D:4)
  An orc priest (D:4)
  A jelly (D:4)
  Crazy Yiuf (D:2)
  An iguana (D:4)
  2 hound skeletons (D:4)
  3 gnolls (D:3)
  5 adders
  An adder skeleton (D:4)
  A worm (D:5)
  9 orcs
  6 bats
  9 endoplasms
  3 giant cockroaches
  4 goblins
  4 hobgoblins (D:1)
  7 jackals (D:2)
  5 kobolds
  3 quokkas
  6 ball pythons
  3 frilled lizards
  3 rats
81 creatures vanquished.

Notes
Turn   | Place    | Note
-------+----------+-------------------------------------------
     0 | D:1      | Demosthentine the Merfolk Gladiator began the quest for the
                  | Orb.
     0 | D:1      | Reached XP level 1. HP: 16/16 MP: 1/1
    87 | D:1      | Reached XP level 2. HP: 23/23 MP: 2/2
   402 | D:1      | Reached XP level 3. HP: 25/28 MP: 3/3
   698 | D:2      | Found a stormy altar of Qazlal.
   926 | D:2      | Found a runed translucent door.
   927 | D:2      | Noticed Crazy Yiuf
  1008 | D:2      | Reached skill level 1 in Armour
  1155 | D:2      | Reached skill level 5 in Polearms
  1481 | D:2      | Reached XP level 4. HP: 23/35 MP: 4/4
  1890 | D:2      | Killed Crazy Yiuf
  2109 | D:3      | Reached skill level 5 in Dodging
  2298 | D:3      | Reached XP level 5. HP: 34/41 MP: 5/5
  2471 | D:3      | Found a faded altar of an unknown god.
  2471 | D:3      | Noticed an eye of devastation
  2474 | D:3      | Noticed a shining eye
  2474 | D:3      | Noticed a great orb of eyes
  2474 | D:3      | Noticed a shining eye
  2772 | D:3      | Found a basalt altar of Yredelemnul.
  2967 | D:4      | Reached XP level 6. HP: 14/48 MP: 6/6
  3444 | D:4      | Found a broken altar of Ashenzari.
  3511 | D:4      | Reached XP level 7. HP: 41/55 MP: 7/7
  3993 | D:5      | Entered Level 5 of the Dungeon
  4022 | D:5      | Found a snail-covered altar of Cheibriados.
  4076 | D:5      | Killed from afar by an orc priest

Illustrated notes

Levels and vault maps discovered:
D:1:      minmay_arrival_five_plusses, layout_rooms, minmay_splitting_lines
D:2:      layout_loops_ring, basic_altar, uniq_crazy_yiuf_cottage
D:3:      layout_loops_ring, mainiacjoe_overflow_alcove_4,
          hellmonk_ecumenical_altar_watching_god
D:4:      layout_cave_pools, evilmike_ruin_ashenzari
D:5:      layout_basic, nicolae_hepliaklqana_hippocampus,
          cheibrodos_worm_habitat

Skill      XL: |  1  2  3  4  5  6 |
---------------+-------------------+-----
Armour         | 1 2 |  2.5
Polearms       | 5 6 |  6.7
Fighting       | 3 4 |  4.5
Dodging        | 5 6 |  6.2
Throwing       | |  2.0

Action                   |  1- 3 |  4- 6 |  7- 9 || total
-------------------------+-------+-------+-------++-------
Melee: Trident           |   118 |   160 |    33 ||   311
       Tailslap          |       |       |     1 ||     1
Throw: Throwing net      |       |     1 |       ||     1
  Use: Scroll            |     1 |     3 |     2 ||     6
       Potion            |       |     3 |     1 ||     4
 Stab: Sleeping          |     1 |     1 |       ||     2
       Invisible         |       |     4 |       ||     4
       Distracted        |       |     1 |       ||     1
Armor: Leather armour    |    15 |    25 |     7 ||    47
Dodge: Dodged            |    67 |   110 |    16 ||   193
